 Dungeon Crawl Stone Soup version 0.20.0-8-g6b59dc7 (webtiles) character file.

203 Hasart the Poker (level 5, 0/37 HPs)
             Began as an Octopode Fighter on May 30, 2017.
             Slain by a centaur (9 damage)
             ... on level 5 of the Dungeon.
             The game lasted 00:04:45 (3447 turns).

Hasart the Poker (Octopode Fighter)                 Turns: 3447, Time: 00:04:45

Health: 0/37       AC:  1    Str: 16    XL:     5   Next: 81%
Magic:  5/5        EV: 12    Int: 10    God:
Gold:   122        SH:  9    Dex: 12    Spells: 4/4 levels left

rFire    . . .     SeeInvis .   a - +0 trident
rCold    . . .     Gourm    .   b - +0 shield
rNeg     . . .     Faith    .   (helmet restricted)
rPois    .         Spirit   .   (no amulet)
rElec    .         Reflect  .   (no ring)
rCorr    .         Harm     .   (no ring)
MR       .....                  (no ring)
Stlth    ++........             (no ring)
Regen    0.2/turn               (no ring)
MPRegen  0.1/turn               (no ring)
                                (no ring)
                                (no ring)

@: no status effects
A: almost no armour, stealthy swim, amphibious, 8 rings, constrict 8, camouflage
1, gelatinous body 1
a: no special abilities


You were on level 5 of the Dungeon.
You were not hungry.

You visited 1 branch of the dungeon, and saw 5 of its levels.

You collected 122 gold pieces.

Inventory:

Hand Weapons
 a - a +0 trident (weapon)
Armour
 b - a +0 shield (worn)
Scrolls
 f - 4 scrolls of remove curse {unknown}
 g - a scroll of fog {unknown}
 j - a scroll of blinking {unknown}
 o - a scroll of magic mapping {unknown}
 p - 3 scrolls of identify {unknown}
 q - a scroll of amnesia {unknown}
 r - a scroll of immolation {unknown}
 t - a scroll of recharging {unknown}
 u - a scroll of fear {unknown}
 y - a scroll of noise {unknown}
Potions
 c - a potion of might
 e - a potion of cancellation {unknown}
 h - 2 potions of curing {unknown}
 k - a potion of agility {unknown}
 l - a potion of lignification {unknown}
 m - a potion of magic {unknown}
 n - 2 potions of mutation {unknown}
 s - a potion of flight {unknown}
 w - a potion of brilliance {unknown}
Comestibles
 d - 3 bread rations
 i - 2 meat rations
 v - a fruit
 x - a royal jelly
 z - a chunk of flesh


   Skills:
 + Level 3.7 Fighting
 * Level 4.1 Polearms
 + Level 3.8 Dodging
 + Level 3.8 Shields


You had 4 spell levels left.
You didn't know any spells.

Dungeon Overview and Level Annotations

Branches:
Dungeon (5/15)
 Temple: D:4-7

Altars:
Nemelex Xobeh

Annotations:
D:4 Hasart's ghost, amateur OpFi


Innate Abilities, Weirdness & Mutations

You cannot wear most types of armour.
You are very stealthy in the water. (Stealth+)
You are amphibious.
You can wear up to eight rings at the same time.
You can use your tentacles to constrict eight enemies at once.
Your skin changes colour to match your surroundings (Stealth+).
Your rubbery body absorbs attacks. (AC +1, EV +1)


Message History

The centaur unwields an uncursed shortbow.
You block the centaur's attack. The centaur misses you.
You barely miss the centaur.
The centaur is lightly wounded.
The centaur hits you!
Your shield prevents you from hitting the centaur.
The centaur is lightly wounded.
You block the centaur's attack. The centaur hits you.
You closely miss the centaur.
The centaur is lightly wounded.
You block the centaur's attack. The centaur hits you.
* * * LOW HITPOINT WARNING * * *
You hit the centaur but do no damage. Your squeeze misses the centaur.
The centaur is lightly wounded.
The centaur closely misses you. You block the centaur's attack.
Unknown command.
You puncture the centaur!
The centaur is heavily wounded.
The centaur hits you!
You die...

####
### ...
..# ###
#.# #..
#.# #..
#.#
#)##c##
#.(@..#
#####.#
#.# #.#
#.# #.#
#.# #.#
#.#


You could see a centaur.

Vanquished Creatures
  An ogre (D:4)
  2 worker ants (D:4)
  An adder (D:3)
  2 worms (D:2)
  3 dart slugs
  4 leopard geckos
  2 orcs
  2 ball pythons (D:1)
  A giant cockroach (D:1)
  5 goblins
  5 hobgoblins
  2 quokkas (D:3)
  6 bats
  5 frilled lizards
  A jackal skeleton (D:4)
  5 kobolds
  5 rats
52 creatures vanquished.

Notes
Turn   | Place    | Note
-------+----------+-------------------------------------------
     0 | D:1      | Hasart the Octopode Fighter began the quest for the Orb.
     0 | D:1      | Reached XP level 1. HP: 16/16 MP: 1/1
   388 | D:1      | Reached XP level 2. HP: 21/21 MP: 2/2
   641 | D:1      | Found a sparkling altar of Nemelex Xobeh.
   831 | D:2      | Reached XP level 3. HP: 16/26 MP: 3/3
  1670 | D:2      | Reached skill level 3 in Polearms
  1880 | D:3      | Found a faded altar of an unknown god.
  1908 | D:3      | Reached XP level 4. HP: 19/31 MP: 4/4
  3048 | D:4      | Noticed an ogre
  3062 | D:4      | Killed an ogre
  3062 | D:4      | Reached skill level 4 in Polearms
  3062 | D:4      | Reached XP level 5. HP: 36/36 MP: 5/5
  3119 | D:4      | Noticed Hasart's ghost (amateur OpFi)
  3414 | D:5      | Entered Level 5 of the Dungeon
  3435 | D:5      | Noticed a centaur
  3447 | D:5      | Slain by a centaur

Skill      XL: |  1  2  3  4 |
---------------+-------------+-----
Polearms       | 3 4 |  4.1
Fighting       | |  3.7
Dodging        | |  3.8
Shields        | |  3.8

Action                   |  1- 3 |  4- 6 || total
-------------------------+-------+-------++-------
Melee: Trident           |    91 |    48 ||   139
       Constrict         |    22 |     9 ||    31
       Tentacles         |     7 |    12 ||    19
 Stab: Sleeping          |     6 |     5 ||    11
  Eat: Chunk             |     3 |     5 ||     8
Armor: Skin              |     4 |     1 ||     5
Dodge: Dodged            |    40 |    15 ||    55
Block: Shield            |    24 |    16 ||    40
